 Dungeon Crawl Stone Soup version 0.22-a0-348-gd16d139 (webtiles) character file.

922 BaronVonScrub the Covert (level 8, -2/103 HPs)
             Began as a Naga Berserker on Apr 10, 2018.
             Was an Initiate of Cheibriados (penitent).
             Slain by a polar bear (6 damage)
             ... created by the rage of Trog
             ... on level 5 of the Dungeon.
             The game lasted 00:22:19 (6568 turns).

BaronVonScrub the Covert (Naga Berserker)           Turns: 6568, Time: 00:22:20

Health: -2/103     AC:  8    Str: 25    XL:     8   Next: 10%
Magic:  5/8        EV: 11    Int: 12    God:    Cheibriados [*]
Gold:   155        SH:  0    Dex: 10    Spells: 7/7 levels left

rFire    x . .     SeeInvis +   t - +1 spear of Gaocuwn {freeze, +Rage Int+5 Dex-3} (curse)
rCold    + . .     Gourm    .   (no shield)
rNeg     . . .     Faith    .   b - +0 animal skin
rPois    +         Spirit   .   o - +0 helmet
rElec    .         Reflect  .   e - +2 cloak
rCorr    .         Harm     +   (no gloves)
MR       +....                  (no barding)
Stlth    ..........             j - amulet of harm
HPRegen  0.27/turn              f - ring of see invisible
MPRegen  0.11/turn              h - ring of ice

@: berserking, slowed, very slow
A: large, see invisible, deformed body, poison resistance, slowness 2, slow
metabolism 1, spit poison 1, AC +2
a: Spit Poison, Renounce Religion, Evoke Berserk Rage


You were on level 5 of the Dungeon.
You worshipped Cheibriados.
Cheibriados was demanding penance.
You were hungry.

You visited 2 branches of the dungeon, and saw 6 of its levels.

You collected 155 gold pieces.

Inventory:

Hand Weapons
 a - a +0 falchion
 t - the cursed +1 spear of Gaocuwn (weapon) {freeze, +Rage Int+5 Dex-3}
   (You found it on level 4 of the Dungeon)

   It has been specially enchanted to freeze those struck by it, causing extra
   injury to most foes and up to half again as much damage against particularly
   susceptible opponents.
   It can also slow down cold-blooded creatures.
   It affects your intelligence (+5).
   It affects your dexterity (-3).
   It lets you go berserk.
   It has a curse placed upon it.
Armour
 b - a +0 animal skin (worn)
 e - a +2 cloak (worn)
 o - a +0 helmet (worn)
Jewellery
 f - a ring of see invisible (left hand)
 h - a ring of ice (right hand)
 j - an amulet of harm (around neck)
 u - an uncursed amulet of the gourmand
Wands
 k - a wand of paralysis (3)
 n - a wand of polymorph (16)
Scrolls
 g - 3 scrolls of teleportation
 l - a scroll of amnesia {unknown}
 m - a scroll of fog
 v - a scroll of identify
Potions
 d - a potion of heal wounds
 i - a potion of brilliance {unknown}
 p - 2 potions of curing
 q - a potion of invisibility {unknown}
 r - a potion of degeneration {unknown}
 s - a potion of berserk rage {unknown}
Comestibles
 c - 6 rations
 w - a chunk of flesh


   Skills:
 - Level 3.0 Fighting
 - Level 3.0 Long Blades
 + Level 2.0 Polearms
 - Level 2.2 Armour
 + Level 4.9 Dodging
 * Level 9.6 Stealth


You had 7 spell levels left.
You didn't know any spells.

Dungeon Overview and Level Annotations

Branches:
Dungeon (5/15)             Temple (1/1) D:5

Altars:
Ashenzari
Cheibriados
Elyvilon
Hepliaklqana
Kikubaaqudgha
Makhleb
Nemelex Xobeh
Okawaru
Qazlal
Ru
Sif Muna
Trog
Vehumet
Xom
Yredelemnul
Zin
The Shining One

Shops:
D:5 [


Innate Abilities, Weirdness & Mutations

You cannot wear boots.
Your serpentine skin is tough. (AC +2)
You have supernaturally acute eyesight. (SInv)
Armour fits poorly on your strangely shaped body.
Your system is resistant to poisons. (rPois)
You cover ground very slowly.
You have a slow metabolism.
You can spit poison.


Message History

The polar bear bites you.
* * * LOW HITPOINT WARNING * * *
The polar bear claws you but does no damage.
The polar bear claws you!
* * * LOW HITPOINT WARNING * * *
The polar bear barely misses you.
The polar bear claws you but does no damage.
The polar bear claws you.
* * * LOW HITPOINT WARNING * * *
The polar bear bites you.
* * * LOW HITPOINT WARNING * * *
The polar bear closely misses you. x2
You closely miss the polar bear.
The polar bear is lightly wounded.
The polar bear bites you but does no damage.
The polar bear claws you.
* * * LOW HITPOINT WARNING * * *
The polar bear claws you but does no damage.
The polar bear closely misses you. The polar bear claws you.
You die...

.# ##'## #.######
.. #.# #.# # ###.
#.# #.# #.#...
##.## #.# #.....
##...## #.#
#...##.....# #.#
#........## #.#
##.####.########.##
..$ #..hh@hh....##
#### #.########...#
#.# #.⌠.# #.#
####...#### ..#
#.........# #.#
#.⌠..>..⌠.# #.#
#.........# #.
####...#### #.⌠.#


You could see 2 polar bears and 2 black bears.

Vanquished Creatures
  A phantom (D:3)
  2 jellies (D:5)
  2 orc priests
  6 orc wizards
  2 bullfrog skeletons (D:5)
  A hound (D:5)
  Natasha (thrice) (D:3)
  6 worker ants
  Ijyb (D:3)
  2 iguanas
  4 gnolls (D:4)
  5 adders
  2 oozes
  2 worms (D:3)
  3 dart slugs
  3 leopard geckos
  11 orcs
  8 bats
  5 giant cockroaches
  9 goblins
  7 hobgoblins
  4 jackals (D:3)
  2 quokkas
  A ball python (D:1)
  4 frilled lizards
  5 kobolds (D:2)
  7 rats
108 creatures vanquished.

Notes
Turn   | Place    | Note
-------+----------+-------------------------------------------
     0 | D:1      | BaronVonScrub the Naga Berserker began the quest for the Orb.
     0 | D:1      | Reached XP level 1. HP: 21/21 MP: 1/1
   206 | D:1      | Reached XP level 2. HP: 14/28 MP: 2/2
  1538 | D:2      | Reached XP level 3. HP: 34/34 MP: 3/3
  1549 | D:2      | Reached skill level 1 in Stealth
  1876 | D:2      | Reached ** piety under Trog
  1876 | D:2      | Reached skill level 2 in Stealth
  1913 | D:2      | Reached XP level 4. HP: 42/42 MP: 4/4
  2406 | D:3      | Noticed Ijyb
  2410 | D:3      | Paralysed by Ijyb for 4 turns
  2422 | D:3      | Killed Ijyb
  2422 | D:3      | Reached skill level 3 in Stealth
  2492 | D:3      | Noticed Natasha
  2512 | D:3      | Killed Natasha
  2512 | D:3      | Reached skill level 4 in Stealth
  2512 | D:3      | Reached XP level 5. HP: 26/49 MP: 5/5
  2597 | D:3      | Noticed a phantom
  2791 | D:3      | Killed a phantom
  2791 | D:3      | Reached skill level 5 in Stealth
  2935 | D:3      | Reached XP level 6. HP: 50/56 MP: 6/6
  3241 | D:3      | Reached skill level 6 in Stealth
  3251 | D:3      | Noticed Natasha
  3261 | D:3      | Killed Natasha
  3548 | D:3      | Noticed Natasha
  3555 | D:3      | Killed Natasha
  3555 | D:3      | Reached skill level 7 in Stealth
  3778 | D:3      | Reached XP level 7. HP: 62/62 MP: 7/7
  4226 | D:4      | Found a bloodstained altar of Trog.
  4282 | D:4      | Reached skill level 8 in Stealth
  4635 | D:4      | Got a bloodstained spear
  4639 | D:4      | Identified the cursed +1 spear of Gaocuwn {freeze, +Rage Int+5 Dex-3} (You found it on level 4 of the Dungeon)
  4953 | D:4      | Reached *** piety under Trog
  5216 | D:5      | Entered Level 5 of the Dungeon
  5216 | D:5      | Found Follec's Armour Shoppe.
  5454 | D:5      | Reached skill level 9 in Stealth
  5696 | D:5      | Reached skill level 1 in Polearms
  5885 | D:5      | Found a shimmering altar of Xom.
  6009 | D:5      | Reached XP level 8. HP: 60/69 MP: 8/8
  6159 | D:5      | Found a staircase to the Ecumenical Temple.
  6174 | Temple   | Entered the Ecumenical Temple
  6327 | Temple   | Fell from the grace of Trog
  6327 | Temple   | Became a worshipper of Cheibriados the Contemplative
  6564 | D:5      | Noticed a polar bear
  6564 | D:5      | Noticed a polar bear
  6566 | D:5      | Was placed under penance by Cheibriados
  6568 | D:5      | HP: 4/103 [polar bear[the rage of Trog] (3)]
  6568 | D:5      | Slain by a polar bear

Vault maps used:
D:1:      ncdulo_lavacross, serial_glass, glass_columns_b, glass_columns_a,
          minmay_strange_pillars, minmay_strange_pillars, minmay_misc_feat_five,
          dk_noncrumbling_3
D:2:      nicolae_overflow_hidden_temple
D:3:      first_ration, kennysheep_generic_room_16, uniq_natasha, uniq_ijyb
D:4:      nicolae_overflow_crystal_walls
D:5:      minmay_temple_entry_junction, serial_shops, shop, dk_xom_monty_hall
Temple:   regret_index_temple_generic_petals

Skill      XL: |  1  2  3  4  5  6  7  8 |
---------------+-------------------------+-----
Dodging        | 2 3 4 |  4.9
Armour         | 2 |  2.2
Stealth        | 2 4 5 7 9 |  9.6
Polearms       | 1 2 |  2.0
Fighting       | |  3.0
Long Blades    | |  3.0

Action                   |  1- 3 |  4- 6 |  7- 9 || total
-------------------------+-------+-------+-------++-------
Melee: Falchion          |    81 |   190 |    48 ||   319
       Spear             |       |       |   113 ||   113
Invok: Berserk           |     2 |     4 |     1 ||     7
       Trog's Hand       |       |     2 |       ||     2
       Bend Time         |       |       |     1 ||     1
 Abil: Spit Poison       |       |     3 |     1 ||     4
       Evoke Berserk Rag |       |       |     1 ||     1
  Use: Potion            |     4 |     5 |       ||     9
       Scroll            |     2 |     2 |     1 ||     5
 Stab: Sleeping          |     5 |     4 |     7 ||    16
       Distracted        |       |     1 |       ||     1
  Eat: Chunk             |     4 |     4 |     7 ||    15
       Ration            |       |     1 |     1 ||     2
Armor: Animal skin       |    17 |    63 |    50 ||   130
Dodge: Dodged            |    46 |   124 |    75 ||   245
       Rpst.: Falchion   |    15 |    30 |     5 ||    50

Table legend:
 A = Spawn XP
 B = Non-spawn XP
 C = Spawn XP percentage of total XP
 D = Spawn monster count
 E = Non-spawn monster count
 F = Spawn count percentage of total count
 G = Total turns spent on level
                    A         B        C        D         E        F      G
               +---------+---------+-------+---------+---------+-------+---------
         Total |       0 |    1318 |   0.0 |       0 |     108 |   0.0 |  6568
               +---------+---------+-------+---------+---------+-------+---------
           D:1 |       0 |      26 |   0.0 |       0 |      14 |   0.0 |  1198
           D:2 |       0 |      84 |   0.0 |       0 |      26 |   0.0 |  1131
           D:3 |       0 |     591 |   0.0 |       0 |      40 |   0.0 |  1894
           D:4 |       0 |     212 |   0.0 |       0 |      12 |   0.0 |   993
           D:5 |       0 |     405 |   0.0 |       0 |      16 |   0.0 |  1123
               +---------+---------+-------+---------+---------+-------+---------
